 Dungeon Crawl Stone Soup version 0.28-a0-834-g1a73be5ee4 (webtiles) character file.

Game seed: 17021211937901707671

14 Zenkrye the Cudgeller (level 2, 0/24 HPs)
             Began as a Human Cinder Acolyte on Nov 11, 2021.
             Was a High Priest of Ignis.
             Slain by a hobgoblin (4 damage)
             ... on level 1 of the Dungeon.
             The game lasted 00:01:28 (348 turns).

Zenkrye the Cudgeller (Human Cinder Acolyte)         Turns: 348, Time: 00:01:29

Health: 0/24       AC:  2    Str: 14    XL:     2   Next: 55%
Magic:  1/3        EV: 11    Int: 14    God:    Ignis [*****.]
Gold:   0          SH:  0    Dex:  8    Spells: 1/3 levels left

rFire   + . .      SeeInvis .   e - +0 war axe (vorpal)
rCold   . . .      Faith    .   (no shield)
rNeg    . . .      Spirit   .   b - +0 robe
rPois   .          Reflect  .   (no helmet)
rElec   .          Harm     .   (no cloak)
rCorr   .          Rampage  .   (no gloves)
Will    .....                   (no boots)
Stlth   +.........              (no amulet)
HPRegen 0.08/turn               (no ring)
MPRegen 0.08/turn               (no ring)

@: no status effects
A: no striking features
a: Renounce Religion, Sea of Fire, Foxfire Swarm, Rising Flame


You were on level 1 of the Dungeon.
You worshipped Ignis.
Ignis was extremely pleased with you.
You visited 1 branch of the dungeon, and saw 1 of its levels.

Inventory:

Hand Weapons
 a - a -1 mace of flaming
 e - a +0 vorpal war axe (weapon)
Armour
 b - a +0 robe (worn)
Scrolls
 c - a scroll of holy word {unknown}
 d - a scroll of noise {unknown}
Potions
 f - a potion of invisibility {unknown}


   Skills:
 - Level 3.0 Fighting
 + Level 3.3 Maces & Flails
 + Level 1.1 Spellcasting
 + Level 3.3 Fire Magic


You had one spell level left.
You knew the following spells:

 Your Spells              Type           Power      Damage    Failure   Level
a - Scorch                Fire           20%        2d6       10%         2

Your spell library contained the following spells:

 Spells                   Type           Power      Damage    Failure   Level


Dungeon Overview and Level Annotations

Branches:
Dungeon (1/15)

Altars:


Message History

A hobgoblin comes into view.
The hobgoblin hits you but does no damage.
The kobold hits you with a +0 club. x2; The hobgoblin barely misses you.
The hobgoblin moves out of view.
You slash the kobold!
You kill the kobold!
You hit the endoplasm but do no damage. You closely miss the hobgoblin.
The endoplasm hits you but does no damage.
The hobgoblin hits you but does no damage.
You hit the endoplasm but do no damage. You barely miss the hobgoblin.
The endoplasm freezes you.
You are frozen.
The hobgoblin barely misses you. The hobgoblin hits you.
The endoplasm barely misses you.
Something unseen opens the door.
You are too injured to fight recklessly!
You are too injured to fight recklessly!
You are too injured to fight recklessly!
You are too injured to fight recklessly!
You closely miss the hobgoblin. The hobgoblin hits you. x2
* * * LOW HITPOINT WARNING * * *
Casting: Scorch (safe; 10% risk of failure)
Confirm with . or Enter, or press ? or * to list all spells.
You don't know that spell.
Casting: Scorch (safe; 10% risk of failure)
Confirm with . or Enter, or press ? or * to list all spells.
Flames lash the endoplasm.
The endoplasm is almost dead.
The endoplasm's fire resistance burns away.
The hobgoblin hits you.
* * * LOW HITPOINT WARNING * * *
You hit the hobgoblin.
The hobgoblin is severely wounded.
The hobgoblin closely misses you.
You completely miss the hobgoblin.
The hobgoblin is severely wounded.
The hobgoblin shouts!
The hobgoblin hits you.
* * * LOW HITPOINT WARNING * * *
The hobgoblin hits you.
You die...

... '..(.......>.>#...
...####....######...#...
..$....g.......##.......
.....#.....###.##...##..
#....#### #.##.......
#..)...####)###..##..
#..#J#.##........##..
#..#g#.##............
#.. #@# ##............
#.# #.# #.###........ #.
#.# ... #......). #
#.##### #........ #.#
#........ #.# ###......
#.# #...... #.# #......
#####..


You could see an endoplasm (combustible) and 2 hobgoblins.

Vanquished Creatures
  A ball python (D:1)
  A bat (D:1)
  An endoplasm (D:1)
  A goblin (D:1)
  2 hobgoblins (D:1)
  3 kobolds (D:1)
  A frilled lizard (D:1)
  2 rats (D:1)
12 creatures vanquished.

Notes
Turn   | Place    | Note
-------+----------+-------------------------------------------
     0 | D:1      | Zenkrye the Human Cinder Acolyte began the quest for the
                  | Orb.
     0 | D:1      | Reached XP level 1. HP: 18/18 MP: 2/2
   255 | D:1      | Reached XP level 2. HP: 23/24 MP: 3/3
   271 | D:1      | Learned a level 2 spell: Scorch
   348 | D:1      | Slain by a hobgoblin

Illustrated notes

Levels and vault maps discovered:
D:1:      sevenhm_arrival_forest_fort_large_1, layout_basic

Action                   || total
-------------------------++-------
Melee: Mace              ||    17
       War axe           ||    14
 Cast: Scorch            ||     1
Armor: Robe              ||     5
Dodge: Dodged            ||    23

Table legend: (Time is in decaauts)
 A = Elapsed time spent in this place.
 B = Non-inter-level travel time spent in this place.
 C = Inter-level travel time spent in this place.
 D = Time resting spent in this place.
 E = Time spent auto-exploring this place.
 F = Levels seen in this place.
 G = Mean time per level.
                   A        B        C        D        E       F      G
               +--------+--------+--------+--------+--------+-----+--------+
         Total |    358 |    358 |      0 |      0 |    240 |   1 |  358.0 |
       Dungeon |    358 |    358 |      0 |      0 |    240 |   1 |  358.0 |
               +--------+--------+--------+--------+--------+-----+--------+

Top non-repeatable levels by time:
     D:1: 358 daAuts
